 Dungeon Crawl Stone Soup version 0.30-b1-2-g02819fbbbe (webtiles) character file.

Game seed: 4132389448365548679

48 sking99 the Chopper (level 3, 0/19 (30) HPs)
             Began as a Draconian Reaver on June 27, 2023.
             Killed from afar by Crazy Yiuf (3 damage)
             ... with a puff of flame
             ... on level 2 of the Dungeon.
             The game lasted 00:05:57 (1327 turns).

sking99 the Chopper (Draconian Reaver)              Turns: 1327, Time: 00:05:58

HP:   0/19 (30)     AC:  6    Str: 14    XL:     3   Next: 50%
MP:   3/6           EV: 12    Int: 15    God:
Gold: 137           SH:  0    Dex:  9    Spells: 3/6 levels left

rFire   + . .        e - +0 hand axe (flame)
rCold   + . .        (no shield)
rNeg    . . .        (body armour unavailable)
rPois   +            (helmet restricted)
rElec   +            (no cloak)
rCorr   +            l - +0 pair of gloves
SInv    .            (no boots)
Will    .....        (no amulet)
Stlth   +            (no ring)
HPRegen 0.23/turn    (no ring)
MPRegen 0.10/turn

%: no passive effects
@: resistant, immotile, very heavily drained
A: AC +5, unfitting armour, cold-blooded
a: no special abilities


You were on level 2 of the Dungeon.
You visited 1 branch of the dungeon, and saw 2 of its levels.

You collected 137 gold pieces.

Inventory:

Hand Weapons
 e - a +0 hand axe of flaming (weapon)
Armour
 l - a +0 pair of gloves (worn)
Wands
 k - a wand of paralysis (13)
Scrolls
 b - 2 scrolls of magic mapping {unknown}
 c - 3 scrolls of teleportation {unknown}
 h - a scroll of fog {unknown}
 i - a scroll of poison {unknown}
 j - 2 scrolls of identify {unknown}
 o - a scroll of immolation {unknown}
Potions
 a - 2 potions of curing {unknown}
 d - a potion of haste {unknown}
 f - a potion of degeneration {unknown}
 g - a potion of heal wounds {unknown}
 m - a potion of flight {unknown}
 n - a potion of ambrosia {unknown}


   Skills:
 + Level 2.4 Fighting
 * Level 3.9 Axes
 + Level 1.9 Dodging
 - Level 0.1 Stealth
 - Level 2.1 Spellcasting
 + Level 3.3 Conjurations
 + Level 0.0 Translocations


You had 3 spell levels left.
You knew the following spells:

 Your Spells              Type           Power      Damage    Failure   Level
a - Kiss of Death         Conj/Necr      24%        2d7       11%         1
b - Momentum Strike       Conj/Tloc      12%        3d8       16%         2

Your spell library contained the following spells:

 Spells                   Type           Power      Damage    Failure   Level
 Hailstorm                Conj/Ice       6%         3d4       32%         3
 Ice Form                 Ice/Tmut       1%         N/A       91%         4
 Simulacrum               Ice/Necr       0%         N/A       100%        6


Dungeon Overview and Level Annotations

Branches:
Dungeon (2/15)

Altars:

Annotations:
D:2 Crazy Yiuf


Innate Abilities, Weirdness & Mutations

Your plain brown scales are hard. (AC +5)
You cannot fit into any form of body armour.
You are cold-blooded and may be slowed by cold attacks.


Message History

Confirm with . or Enter, or press ? or * to list all spells.
Aiming: Kiss of Death (safe; 11% risk of failure)
Press: ? - help, Shift-Dir - straight line, f - Crazy Yiuf
Aim: Crazy Yiuf, wielding a +3 quarterstaff of chaos, wearing a +2 cloak and carrying a wand of flame (12) (100% to hit)
The negative energy hits Crazy Yiuf.
Crazy Yiuf is drained!
Crazy Yiuf is moderately wounded.
You feel drained.
Crazy Yiuf zaps a wand.
The puff of flame hits you.
Casting: Kiss of Death (safe; 11% risk of failure)
Confirm with . or Enter, or press ? or * to list all spells.
Aiming: Momentum Strike (safe; 16% risk of failure)
Press: ? - help, Dir - move target, f/p - Crazy Yiuf
Aim: Crazy Yiuf, wielding a +3 quarterstaff of chaos, wearing a +2 cloak and carrying a wand of flame (11) (moderately wounded, heavily drained, 72% to hit)
The concentrated momentum hits Crazy Yiuf.
Crazy Yiuf is heavily wounded.
You are unable to move.
Crazy Yiuf zaps a wand.
The puff of flame hits you.
You completely miss Crazy Yiuf.
Crazy Yiuf is heavily wounded.
Crazy Yiuf hits you but does no damage.
You hit Crazy Yiuf but do no damage.
Crazy Yiuf is heavily wounded.
Crazy Yiuf whimpers, "Dawk!
Dawk eyeball toodlewoodle."
Crazy Yiuf hits you with a +3 quarterstaff of chaos.
Crazy Yiuf freezes you.
You barely miss Crazy Yiuf.
You tail-slap Crazy Yiuf, but do no damage.
Crazy Yiuf is heavily wounded.
Crazy Yiuf screams, "Tosser!
Trifle blue stair."
Crazy Yiuf hits you but does no damage.
You hit Crazy Yiuf but do no damage.
Crazy Yiuf is moderately wounded.
Crazy Yiuf hits you with a +3 quarterstaff of chaos!
* * * LOW HITPOINT WARNING * * *
You feel protected.
You hit Crazy Yiuf. You burn Crazy Yiuf.
Crazy Yiuf is severely wounded.
Crazy Yiuf zaps a wand.
The puff of flame misses you.
You hit Crazy Yiuf. You burn Crazy Yiuf.
Crazy Yiuf is severely wounded.
Crazy Yiuf zaps a wand.
The puff of flame hits you. You resist.
You die...

#......##.###..##.#
#......#...########
#.........##
#.....#...## #####
#.....#..>.# #)..#
#........### #...#
#........### ...
#..........# #g#
#.......#### #@##
#####...# ##.#
#...# #.## ###.#
##.# #.## #.## #..#
###..# ##.# #....#
#.## ##..## #..#
#....#


You could see Crazy Yiuf (very drained).

Vanquished Creatures
  9 ball pythons
  5 endoplasms
  2 giant cockroaches
  5 goblins (D:1)
  2 hobgoblins
  4 jackals (D:1)
  A quokka (D:1)
  4 bats
  A frilled lizard (D:1)
  8 kobolds
  4 rats
45 creatures vanquished.

Notes
Turn   | Place    | Note
-------+----------+-------------------------------------------
     0 | D:1      | sking99 the Draconian Reaver began the quest for the Orb.
     0 | D:1      | Reached XP level 1. HP: 17/17 MP: 3/3
   186 | D:1      | Reached XP level 2. HP: 24/24 MP: 5/5
   540 | D:1      | Reached XP level 3. HP: 21/21 MP: 6/6
   923 | D:2      | Learned a level 2 spell: Momentum Strike
  1133 | D:2      | Found a runed translucent door.
  1134 | D:2      | Noticed Crazy Yiuf
  1327 | D:2      | Killed from afar by Crazy Yiuf

Illustrated notes

Levels and vault maps discovered:
D:1:      dpeg_arrival_signposts, layout_basic
D:2:      layout_basic, uniq_crazy_yiuf_cottage

Action                     || total
---------------------------++-------
  Melee: Hand axe          ||   110
         Tailslap          ||    11
         Punch             ||     1
   Cast: Kiss of Death     ||     3
         Momentum Strike   ||     1
 Armour: Skin              ||    46
  Dodge: Dodged            ||    77
